Workbook

Sheet Vulnerability_Analysis
A2: Average vulnerability indices for group of households
A3: Category of component | B3: Combined | C3: PSNP | D3: Non PSNP
A4: Adaptive capacity | B4: =Combined_SE!N35 -> 0.51163333 | C4: =PSNP_SE!O35 -> 0.3993 | D4: =Non_PSNP_SE!N35 -> 0.4513 | I4: Combined | J4: PSNP | K4: Non PSNP
A5: Exposurity | B5: =Combined_Exposure!H14 -> 0.74222222 | C5: =PSNP_exposure!H14 -> 0.56911111 | D5: =Non_PSNP_Exposure!H14 -> 0.55955556 | H5: Adaptive capacity | I5: 0.51163333 | J5: 0.3993 | K5: 0.4513
A6: Sensitivity | B6: =Combined_Sensitivity!G15 -> 0.3543 | C6: =PSNP_Sensitivity!G15 -> 0.5222 | D6: =Non_PSNP_Sensitivity!G16 -> 0.4358 | H6: Exposurity | I6: 0.74222222 | J6: 0.56911111 | K6: 0.55955556
A7: Vulnerability Index | B7: =(B5-B4)*B6 -> 0.081697643 | C7: =(C5-C4)*C6 -> 0.088675362 | D7: =(D5-D4)*D6 -> 0.047177771 | H7: Sensitivity | I7: 0.3543 | J7: 0.5222 | K7: 0.4358
H8: Vulnerability Index | I8: 0.081697643 | J8: 0.088675362 | K8: 0.047177771

Sheet Adaptive-Vulnerability_Analysis
A2: Average vulnerability indices for group of households
A3: Category of component | B3: Combined | C3: PSNP | D3: Non PSNP
A4: Adaptive capacity | B4: =Combined_SE!N35 -> 0.51163333 | C4: =PSNP_SE!O35 -> 0.3993 | D4: =Non_PSNP_SE!N35 -> 0.4513 | F4: =C7-D7 -> 0.041497591 | I4: Combined | J4: PSNP | K4: Non PSNP
A5: Exposurity | B5: =Combined_Exposure!H14 -> 0.74222222 | C5: =PSNP_exposure!H14 -> 0.56911111 | D5: =Non_PSNP_Exposure!H14 -> 0.55955556 | F5: =C5-D5 -> 0.0095555556 | H5: Adaptive capacity | I5: 0.51163333 | J5: 0.3993 | K5: 0.4513
A6: Sensitivity | B6: =Combined_Sensitivity!G15 -> 0.3543 | C6: =PSNP_Sensitivity!G15 -> 0.5222 | D6: =Non_PSNP_Sensitivity!G16 -> 0.4358 | F6: =C6-D6 -> 0.0864 | H6: Exposurity | I6: 0.74222222 | J6: 0.56911111 | K6: 0.55955556
A7: Vulnerability Index | B7: =(B5-B4)*B6 -> 0.081697643 | C7: =(C5-C4)*C6 -> 0.088675362 | D7: =(D5-D4)*D6 -> 0.047177771 | H7: Sensitivity | I7: 0.3543 | J7: 0.5222 | K7: 0.4358
A8: Social capital | B8: 0.68175 | C8: 0.0695 | D8: 0.57175 | H8: Vulnerability Index | I8: 0.081697643 | J8: 0.088675362 | K8: 0.047177771
A9: Human Capital | B9: 0.594 | C9: 0.5585 | D9: 0.614 | H9: Social capital | I9: 0.68175 | J9: 0.0695 | K9: 0.57175
A10: Physical capital | B10: 0.416 | C10: 0.33545455 | D10: 0.31172727 | H10: Human Capital | I10: 0.594 | J10: 0.5585 | K10: 0.614
A11: Economic capital | B11: 0.39083333 | C11: 0.51916667 | D11: 0.50233333 | H11: Physical capital | I11: 0.416 | J11: 0.33545455 | K11: 0.31172727
A12: Natural capital | B12: 0.71233333 | C12: 0.47366667 | D12: 0.34666667 | H12: Economic capital | I12: 0.39083333 | J12: 0.51916667 | K12: 0.50233333
H13: Natural capital | I13: 0.71233333 | J13: 0.47366667 | K13: 0.34666667

Sheet Combined_SE
A1: Rotated Component Matrix Adaptive capacity Variables for Combined Households
B2: Component
A3: Adaptive capacity Variables | B3: 1 | C3: 2 | D3: 3 | E3: 4 | F3: 5 | G3: 6 | H3: 7 | I3: 8 | J3: 9 | K3: 10 | L3: Sum | M3: Average | N3: PCA
A4: School years | B4: -0.259 | C4: 0.364 | D4: 0.237 | E4: -0.28 | F4: -0.108 | G4: -0.008 | H4: 0.136 | I4: -0.217 | J4: 0.222 | K4: 0.103 | L4: =SUM(B4:K4) -> 0.19 | M4: =L4/11 -> 0.017272727 | N4: 0.364
A5: Farm land size | B5: 0.023 | C5: 0.001 | D5: 0.048 | E5: -0.051 | F5: 0.019 | G5: 0.093 | H5: 0.05 | I5: 0.027 | J5: 0.832 | K5: -0.017 | L5: =SUM(B5:K5) -> 1.025 | M5: =L5/11 -> 0.093181818 | N5: 0.832
A6: Bonding social capital | B6: 0.381 | C6: 0.079 | D6: -0.15 | E6: -0.028 | F6: -0.034 | G6: 0.626 | H6: -0.152 | I6: 0.082 | J6: 0.055 | K6: -0.206 | L6: =SUM(B6:K6) -> 0.653 | M6: =L6/11 -> 0.059363636 | N6: 0.626
A7: Acess to institutions | B7: -0.002 | C7: -0.036 | D7: 0.077 | E7: 0.084 | F7: -0.043 | G7: 0.738 | H7: 0.229 | I7: -0.036 | J7: 0.089 | K7: 0.076 | L7: =SUM(B7:K7) -> 1.176 | M7: =L7/11 -> 0.10690909 | N7: 0.738
A8: Health insurance | B8: 0.108 | C8: 0.051 | D8: 0.134 | E8: 0.779 | F8: -0.091 | G8: 0.061 | H8: 0.057 | I8: -0.015 | J8: -0.014 | K8: 0.075 | L8: =SUM(B8:K8) -> 1.145 | M8: =L8/11 -> 0.10409091 | N8: 0.779
A9: Climate and market | B9: 0.078 | C9: 0.043 | D9: 0.653 | E9: 0.069 | F9: -0.141 | G9: 0.002 | H9: 0.074 | I9: -0.11 | J9: -0.057 | K9: 0.22 | L9: =SUM(B9:K9) -> 0.831 | M9: =L9/11 -> 0.075545455 | N9: 0.653
A10: Land under irrigation | B10: -0.026 | C10: 0.629 | D10: 0.062 | E10: -0.058 | F10: -0.03 | G10: -0.082 | H10: 0.276 | I10: 0 | J10: -0.039 | K10: 0.075 | L10: =SUM(B10:K10) -> 0.807 | M10: =L10/11 -> 0.073363636 | N10: 0.629
A11: Primary school | B11: 0.107 | C11: 0.064 | D11: 0.016 | E11: 0.005 | F11: -0.025 | G11: 0.177 | H11: 0.709 | I11: 0.092 | J11: 0.035 | K11: -0.052 | L11: =SUM(B11:K11) -> 1.128 | M11: =L11/11 -> 0.10254545 | N11: 0.709
A12: Weathered roads | B12: 0.641 | C12: -0.088 | D12: 0.025 | E12: 0.163 | F12: 0.04 | G12: 0.125 | H12: -0.152 | I12: 0.167 | J12: 0.252 | K12: -0.132 | L12: =SUM(B12:K12) -> 1.041 | M12: =L12/11 -> 0.094636364 | N12: 0.641
A13: Livestock veterinary | B13: -0.783 | C13: 0.181 | D13: -0.039 | E13: -0.027 | F13: -0.009 | G13: -0.001 | H13: -0.059 | I13: 0.015 | J13: 0.055 | K13: -0.111 | L13: =SUM(B13:K13) -> -0.778 | M13: =L13/11 -> -0.070727273 | N13: -0.783
A14: Market avaliability | B14: -0.488 | C14: 0.676 | D14: 0.059 | E14: -0.1 | F14: -0.037 | G14: 0.001 | H14: -0.106 | I14: 0.055 | J14: 0.02 | K14: -0.176 | L14: =SUM(B14:K14) -> -0.096 | M14: =L14/11 -> -0.0087272727 | N14: 0.676
A15: Health and nutrition | B15: -0.022 | C15: 0.054 | D15: -0.069 | E15: 0.113 | F15: 0.013 | G15: 0.031 | H15: -0.093 | I15: 0.791 | J15: -0.012 | K15: 0.071 | L15: =SUM(B15:K15) -> 0.877 | M15: =L15/11 -> 0.079727273 | N15: 0.791
A16: Piped water | B16: -0.212 | C16: 0.115 | D16: -0.424 | E16: 0.199 | F16: 0.161 | G16: -0.053 | H16: 0.382 | I16: -0.028 | J16: -0.065 | K16: -0.1 | L16: =SUM(B16:K16) -> -0.025 | M16: =L16/11 -> -0.0022727273 | N16: -0.424
A17: Electricity | B17: -0.311 | C17: 0.64 | D17: 0.143 | E17: -0.355 | F17: 0.03 | G17: 0.102 | H17: 0.066 | I17: 0.126 | J17: -0.192 | K17: -0.131 | L17: =SUM(B17:K17) -> 0.118 | M17: =L17/11 -> 0.010727273 | N17: =C17 -> 0.64
A18: Network coverage | B18: 0.01 | C18: 0.006 | D18: 0.003 | E18: -0.007 | F18: 0.65 | G18: 0.025 | H18: 0.431 | I18: 0.136 | J18: -0.034 | K18: 0.103 | L18: =SUM(B18:K18) -> 1.323 | M18: =L18/11 -> 0.12027273 | N18: 0.431
A19: Cash reserve | B19: 0.741 | C19: -0.1 | D19: 0.068 | E19: -0.144 | F19: -0.044 | G19: 0.031 | H19: 0.116 | I19: -0.02 | J19: -0.07 | K19: 0.189 | L19: =SUM(B19:K19) -> 0.767 | M19: =L19/11 -> 0.069727273 | N19: 0.741
A20: Food commodity reserve | B20: 0.604 | C20: 0.361 | D20: 0.091 | E20: -0.121 | F20: -0.227 | G20: 0.029 | H20: 0.119 | I20: 0.045 | J20: -0.267 | K20: 0.007 | L20: =SUM(B20:K20) -> 0.641 | M20: =L20/11 -> 0.058272727 | N20: 0.604
A21: Corrugated iron sheet | B21: 0.069 | C21: 0.652 | D21: 0.039 | E21: 0.038 | F21: 0.111 | G21: 0.117 | H21: -0.103 | I21: -0.017 | J21: 0.071 | K21: 0.033 | L21: =SUM(B21:K21) -> 1.01 | M21: =L21/11 -> 0.091818182 | N21: 0.652
A22: CBO as informal safety net | B22: 0.09 | C22: 0.087 | D22: -0.094 | E22: -0.048 | F22: 0.757 | G22: -0.058 | H22: -0.135 | I22: -0.087 | J22: 0.048 | K22: 0.044 | L22: =SUM(B22:K22) -> 0.604 | M22: =L22/11 -> 0.054909091 | N22: 0.757
A23: Farming experiences | B23: 0.55 | C23: 0.036 | D23: 0.038 | E23: 0.087 | F23: 0.23 | G23: 0.026 | H23: -0.138 | I23: -0.23 | J23: 0.306 | K23: 0.093 | L23: =SUM(B23:K23) -> 0.998 | M23: =L23/11 -> 0.090727273 | N23: 0.55
A24: Natural resources | B24: 0.676 | C24: -0.197 | D24: 0.217 | E24: 0.051 | F24: 0.152 | G24: 0.145 | H24: -0.014 | I24: 0.125 | J24: -0.05 | K24: 0.034 | L24: =SUM(B24:K24) -> 1.139 | M24: =L24/11 -> 0.10354545 | N24: 0.676
A25: Relatives in the community | B25: 0.245 | C25: -0.011 | D25: -0.058 | E25: 0.077 | F25: 0.274 | G25: -0.064 | H25: -0.024 | I25: -0.018 | J25: -0.143 | K25: 0.565 | L25: =SUM(B25:K25) -> 0.843 | M25: =L25/11 -> 0.076636364 | N25: 0.565
A26: Agricultural technologies | B26: 0.701 | C26: -0.101 | D26: 0.213 | E26: 0.292 | F26: 0.186 | G26: 0.153 | H26: -0.118 | I26: -0.018 | J26: 0.011 | K26: -0.166 | L26: =SUM(B26:K26) -> 1.153 | M26: =L26/11 -> 0.10481818 | N26: 0.701
A27: Farmers extension service | B27: 0.456 | C27: 0.269 | D27: 0.423 | E27: 0.229 | F27: 0.236 | G27: 0.051 | H27: -0.032 | I27: -0.073 | J27: 0.103 | K27: -0.268 | L27: =SUM(B27:K27) -> 1.394 | M27: =L27/11 -> 0.12672727 | N27: =B27 -> 0.456
A28: Access to savings | B28: 0.142 | C28: 0.175 | D28: 0.703 | E28: 0.135 | F28: 0.056 | G28: 0.014 | H28: -0.046 | I28: 0.206 | J28: 0.065 | K28: -0.123 | L28: =SUM(B28:K28) -> 1.327 | M28: =L28/11 -> 0.12063636 | N28: 0.703
A29: Credit service | B29: 0.08 | C29: -0.041 | D29: 0.135 | E29: -0.116 | F29: -0.024 | G29: 0 | H29: 0.191 | I29: 0.59 | J29: 0.036 | K29: 0.024 | L29: =SUM(B29:K29) -> 0.875 | M29: =L29/11 -> 0.079545455 | N29: 0.59
A30: Livestock in TLU | B30: 0.579 | C30: 0.173 | D30: -0.159 | E30: 0.282 | F30: -0.197 | G30: -0.182 | H30: -0.026 | I30: 0.134 | J30: 0.377 | K30: -0.084 | L30: =SUM(B30:K30) -> 0.897 | M30: =L30/11 -> 0.081545455 | N30: 0.579
A31: Total annual income | B31: 0.344 | C31: 0.208 | D31: 0.116 | E31: 0.081 | F31: -0.01 | G31: 0.318 | H31: -0.443 | I31: 0.117 | J31: -0.047 | K31: 0.058 | L31: =SUM(B31:K31) -> 0.742 | M31: =L31/11 -> 0.067454545 | N31: =L31 -> 0.742
A32: Total asset | B32: 0.099 | C32: 0.318 | D32: 0.322 | E32: 0.229 | F32: 0.07 | G32: -0.278 | H32: -0.09 | I32: 0.255 | J32: 0.181 | K32: -0.325 | L32: =SUM(B32:K32) -> 0.781 | M32: =L32/11 -> 0.071 | N32: -0.325
A33: Gender equality | B33: -0.06 | C33: 0.173 | D33: 0.282 | E33: 0.056 | F33: -0.045 | G33: 0.029 | H33: -0.121 | I33: 0.24 | J33: 0.18 | K33: 0.589 | L33: =SUM(B33:K33) -> 1.323 | M33: =L33/11 -> 0.12027273 | N33: =E33 -> 0.056
A34: Sum | B34: =SUM(B4:B33) -> 4.561 | C34: =SUM(C4:C33) -> 4.781 | D34: =SUM(D4:D33) -> 3.111 | E34: =SUM(E4:E33) -> 1.634 | F34: =SUM(F4:F33) -> 1.92 | G34: =SUM(G4:G33) -> 2.168 | H34: =SUM(H4:H33) -> 0.984 | I34: =SUM(I4:I33) -> 2.334 | ... K34: =SUM(K4:K33) -> 0.468 | L34: =SUM(B34:K34) -> 23.909 | M34: =SUM(M4:M33) -> 2.1735455 | N34: =SUM(N4:N33) -> 15.349
A35: Average | B35: =B34/32 -> 0.14253125 | C35: =C34/32 -> 0.14940625 | D35: =D34/32 -> 0.09721875 | E35: =E34/32 -> 0.0510625 | F35: =F34/32 -> 0.06 | G35: =G34/32 -> 0.06775 | H35: =H34/32 -> 0.03075 | I35: =I34/32 -> 0.0729375 | ... K35: =K34/32 -> 0.014625 | L35: =L34/(32)/11 -> 0.067923295 | M35: =M34/32 -> 0.067923295 | N35: =SUM(N34)/30 -> 0.51163333

Sheet PSNP_SE
A1: Rotated Component Matrix Adaptive capacity Variables for PSNP Households
B2: Component
A3: Adaptive capacity Variables | B3: 1 | C3: 2 | D3: 3 | E3: 4 | F3: 5 | G3: 6 | H3: 7 | I3: 8 | J3: 9 | K3: 10 | L3: 11 | M3: Sum | N3: Average | O3: PCA
A4: School years | B4: -0.081 | C4: 0.531 | D4: -0.116 | E4: -0.202 | F4: 0.046 | G4: -0.284 | H4: 0.361 | I4: 0.094 | J4: 0.051 | K4: 0.116 | L4: 0.021 | M4: =SUM(B4:L4) -> 0.537 | N4: =M4/11 -> 0.048818182 | O4: =C4 -> 0.531
A5: Farm land size | B5: 0.135 | C5: 0.031 | D5: -0.253 | E5: 0.053 | F5: 0.039 | G5: 0.101 | H5: 0.76 | I5: -0.018 | J5: 0.062 | K5: 0.144 | L5: -0.004 | M5: =SUM(B5:L5) -> 1.05 | N5: =M5/11 -> 0.095454545 | O5: =B5 -> 0.135
A6: Bonding social capital | B6: 0.392 | C6: 0.203 | D6: 0.261 | E6: 0.377 | F6: 0.137 | G6: 0.092 | H6: 0.094 | I6: 0.243 | J6: -0.368 | K6: -0.018 | L6: -0.18 | M6: =SUM(B6:L6) -> 1.233 | N6: =M6/11 -> 0.11209091 | O6: =B6 -> 0.392
A7: Acess to institutions | B7: 0.08 | C7: 0.03 | D7: 0.005 | E7: 0.063 | F7: 0.486 | G7: -0.25 | H7: 0.044 | I7: -0.04 | J7: 0.505 | K7: 0.153 | L7: 0.317 | M7: =SUM(B7:L7) -> 1.393 | N7: =M7/11 -> 0.12663636 | O7: =L7 -> 0.317
A8: Health insurance | B8: 0.154 | C8: -0.059 | D8: -0.226 | E8: 0.089 | F8: -0.074 | G8: 0.099 | H8: -0.712 | I8: -0.09 | J8: -0.037 | K8: 0.255 | L8: -0.047 | M8: =SUM(B8:L8) -> -0.648 | N8: =M8/11 -> -0.058909091 | O8: =H8 -> -0.712
A9: Climate and market | B9: 0.053 | C9: -0.12 | D9: -0.005 | E9: 0.296 | F9: -0.042 | G9: -0.237 | H9: 0.1 | I9: -0.129 | J9: -0.029 | K9: 0.13 | L9: 0.543 | M9: =SUM(B9:L9) -> 0.56 | N9: =M9/11 -> 0.050909091 | O9: =L9 -> 0.543
A10: Land under irrigation | B10: -0.234 | C10: 0.645 | D10: 0.095 | E10: -0.026 | F10: 0.202 | G10: 0.091 | H10: 0.056 | I10: -0.276 | J10: -0.276 | K10: -0.032 | L10: 0.03 | M10: =SUM(B10:L10) -> 0.275 | N10: =M10/11 -> 0.025 | O10: =C10 -> 0.645
A11: Primary school | B11: 0.075 | C11: 0.092 | D11: 0.069 | E11: -0.221 | F11: 0.784 | G11: 0.065 | H11: 0.043 | I11: -0.258 | J11: -0.089 | K11: 0.157 | L11: -0.013 | M11: =SUM(B11:L11) -> 0.704 | N11: =M11/11 -> 0.064 | O11: =F11 -> 0.784
A12: Weathered roads | B12: 0.708 | C12: -0.249 | D12: 0.004 | E12: 0.066 | F12: -0.076 | G12: 0.204 | H12: 0.119 | I12: 0.104 | J12: -0.144 | K12: 0.146 | L12: -0.046 | M12: =SUM(B12:L12) -> 0.836 | N12: =M12/11 -> 0.076 | O12: =B12 -> 0.708
A13: Livestock veterinary | B13: -0.634 | C13: 0.295 | D13: -0.221 | E13: 0.054 | F13: 0.087 | G13: -0.037 | H13: 0.019 | I13: 0.377 | J13: 0.175 | K13: 0.075 | L13: -0.063 | M13: =SUM(B13:L13) -> 0.127 | N13: =M13/11 -> 0.011545455 | O13: =B13 -> -0.634
A14: Food and non-food market | B14: -0.278 | C14: 0.745 | D14: -0.228 | E14: 0.175 | F14: -0.09 | G14: 0.084 | H14: -0.013 | I14: 0.27 | J14: 0.019 | K14: -0.029 | L14: -0.055 | M14: =SUM(B14:L14) -> 0.6 | N14: =M14/11 -> 0.054545455 | O14: =C14 -> 0.745
A15: Health and nutrition | B15: 0.008 | C15: 0.082 | D15: -0.115 | E15: -0.015 | F15: 0.089 | G15: 0.741 | H15: -0.029 | I15: 0.181 | J15: 0.043 | K15: 0.197 | L15: -0.01 | M15: =SUM(B15:L15) -> 1.172 | N15: =M15/11 -> 0.10654545 | O15: =G15 -> 0.741
A16: Piped water | B16: -0.312 | C16: -0.025 | D16: -0.125 | E16: -0.526 | F16: 0.119 | G16: 0.041 | H16: -0.173 | I16: 0.177 | J16: 0.028 | K16: -0.097 | L16: -0.073 | M16: =SUM(B16:L16) -> -0.966 | N16: =M16/11 -> -0.087818182 | O16: =E16 -> -0.526
A17: Electricity | B17: -0.278 | C17: 0.723 | D17: 0.033 | E17: 0.068 | F17: -0.111 | G17: -0.044 | H17: 0.079 | I17: 0.265 | J17: -0.055 | K17: 0.012 | L17: -0.11 | M17: =SUM(B17:L17) -> 0.582 | N17: =M17/11 -> 0.052909091 | O17: =I17 -> 0.265
A18: Network coverage | B18: 0.143 | C18: -0.008 | D18: -0.047 | E18: -0.743 | F18: -0.003 | G18: 0.063 | H18: 0.109 | I18: 0.091 | J18: -0.092 | K18: 0.071 | L18: 0.04 | M18: =SUM(B18:L18) -> -0.376 | N18: =M18/11 -> -0.034181818 | O18: =B18 -> 0.143
A19: Cash reserve | B19: 0.255 | C19: -0.181 | D19: 0.779 | E19: -0.017 | F19: 0.01 | G19: -0.081 | H19: 0.056 | I19: -0.065 | J19: -0.03 | K19: 0.108 | L19: 0.056 | M19: =SUM(B19:L19) -> 0.89 | N19: =M19/11 -> 0.080909091 | O19: =D19 -> 0.779
A20: Food commodity reserve | B20: 0.105 | C20: 0.07 | D20: 0.823 | E20: 0.157 | F20: 0.017 | G20: 0.049 | H20: -0.143 | I20: 0.069 | J20: 0.062 | K20: 0.119 | L20: -0.006 | M20: =SUM(B20:L20) -> 1.322 | N20: =M20/11 -> 0.12018182 | O20: =D20 -> 0.823
A21: Corrugated iron sheet | B21: 0.093 | C21: 0.517 | D21: 0.159 | E21: 0.22 | F21: -0.011 | G21: 0.319 | H21: 0.07 | I21: 0.008 | J21: 0.111 | K21: -0.413 | L21: 0.007 | M21: =SUM(B21:L21) -> 1.08 | N21: =M21/11 -> 0.098181818 | O21: =C21 -> 0.517
A22: CBO as informal safety net | B22: 0.165 | C22: 0.128 | D22: -0.142 | E22: -0.064 | F22: -0.087 | G22: -0.059 | H22: 0.07 | I22: -0.273 | J22: -0.004 | K22: -0.643 | L22: -0.086 | M22: =SUM(B22:L22) -> -0.995 | N22: =M22/11 -> -0.090454545 | O22: =C22 -> 0.128
A23: Farming experiences | B23: 0.688 | C23: -0.092 | D23: 0.158 | E23: 0.146 | F23: 0.075 | G23: -0.299 | H23: 0.108 | I23: 0.119 | J23: 0.077 | K23: -0.154 | L23: 0.019 | M23: =SUM(B23:L23) -> 0.845 | N23: =M23/11 -> 0.076818182 | O23: =D23 -> 0.158
A24: Natural resources | B24: 0.641 | C24: -0.256 | D24: 0.398 | E24: 0.115 | F24: -0.033 | G24: -0.016 | H24: 0.161 | I24: -0.135 | J24: 0.077 | K24: 0.019 | L24: 0.023 | M24: =SUM(B24:L24) -> 0.994 | N24: =M24/11 -> 0.090363636 | O24: =B24 -> 0.641
A25: Relatives in the community | B25: 0.134 | C25: -0.187 | D25: 0.256 | E25: 0.022 | F25: -0.143 | G25: 0.47 | H25: 0.108 | I25: -0.312 | J25: 0.118 | K25: -0.131 | L25: 0.187 | M25: =SUM(B25:L25) -> 0.522 | N25: =M25/11 -> 0.047454545 | O25: =G25 -> 0.47
A26: Agricultural technologies | B26: 0.691 | C26: -0.168 | D26: 0.076 | E26: 0.131 | F26: 0.275 | G26: 0.084 | H26: -0.171 | I26: 0.045 | J26: 0.252 | K26: -0.063 | L26: -0.146 | M26: =SUM(B26:L26) -> 1.006 | N26: =M26/11 -> 0.091454545 | O26: =B26 -> 0.691
A27: Farmers extension service | B27: 0.58 | C27: 0.228 | D27: 0.038 | E27: -0.028 | F27: 0.217 | G27: -0.157 | H27: -0.146 | I27: 0.013 | J27: 0.236 | K27: -0.103 | L27: -0.176 | M27: =SUM(B27:L27) -> 0.702 | N27: =M27/11 -> 0.063818182 | O27: =B27 -> 0.58
A28: Access to savings | B28: 0.159 | C28: -0.205 | D28: -0.054 | E28: 0.143 | F28: 0.7 | G28: 0.044 | H28: 0.079 | I28: 0.204 | J28: 0.188 | K28: -0.064 | L28: 0.032 | M28: =SUM(B28:L28) -> 1.226 | N28: =M28/11 -> 0.11145455 | O28: =F28 -> 0.7
A29: Credit service | B29: 0.133 | C29: 0.166 | D29: 0.164 | E29: -0.085 | F29: 0.037 | G29: 0.144 | H29: 0.049 | I29: -0.235 | J29: 0.098 | K29: 0.648 | L29: -0.132 | M29: =SUM(B29:L29) -> 0.987 | N29: =M29/11 -> 0.089727273 | O29: =K29 -> 0.648
A30: Livestock in TLU | B30: 0.627 | C30: -0.107 | D30: 0.009 | E30: -0.046 | F30: 0.119 | G30: 0.314 | H30: -0.14 | I30: 0.125 | J30: 0.061 | K30: 0.156 | L30: 0.282 | M30: =SUM(B30:L30) -> 1.4 | N30: =M30/11 -> 0.12727273 | O30: =G30 -> 0.314
A31: Total amount of income | B31: 0.398 | C31: 0.099 | D31: -0.002 | E31: 0.594 | F31: 0.036 | G31: 0.164 | H31: -0.066 | I31: 0.131 | J31: 0.004 | K31: -0.044 | L31: 0.157 | M31: =SUM(B31:L31) -> 1.471 | N31: =M31/11 -> 0.13372727 | O31: =E31 -> 0.594
A32: Total asset | B32: 0.137 | C32: 0.155 | D32: 0.034 | E32: -0.141 | F32: -0.064 | G32: 0.113 | H32: 0.078 | I32: 0.733 | J32: -0.071 | K32: 0.008 | L32: 0.013 | M32: =SUM(B32:L32) -> 0.995 | N32: =M32/11 -> 0.090454545 | O32: =I32 -> 0.733
A33: Gender equality | B33: -0.114 | C33: 0.109 | D33: 0.099 | E33: -0.08 | F33: 0.126 | G33: 0.263 | H33: 0.005 | I33: 0.102 | J33: -0.011 | K33: -0.178 | L33: 0.722 | M33: =SUM(B33:L33) -> 1.043 | N33: =M33/11 -> 0.094818182 | O33: =F33 -> 0.126
A34: Sum | B34: =SUM(B4:B33) -> 4.623 | C34: =SUM(C4:C33) -> 3.192 | D34: =SUM(D4:D33) -> 1.926 | E34: =SUM(E4:E33) -> 0.575 | F34: =SUM(F4:F33) -> 2.867 | G34: =SUM(G4:G33) -> 2.081 | H34: =SUM(H4:H33) -> 0.975 | I34: =SUM(I4:I33) -> 1.52 | ... O34: =SUM(O4:O33) -> 11.979
A35: Average | B35: =B34/32 -> 0.14446875 | C35: =C34/32 -> 0.09975 | D35: =D34/32 -> 0.0601875 | E35: =E34/32 -> 0.01796875 | F35: =F34/32 -> 0.08959375 | G35: =G34/32 -> 0.06503125 | H35: =H34/32 -> 0.03046875 | I35: =I34/32 -> 0.0475 | ... L35: =L34/32 -> 0.0406875 | M35: =M34/(11)/32 -> 0.058428977 | N35: =N34/32 -> 0.058428977 | O35: =SUM(O34)/30 -> 0.3993

Sheet Non_PSNP_SE
A1: Rotated Component Matrix Adaptive capacity Variables for PSNP Households
A2: =+A2:N26A1A2:N24A2:N27A1A2:N24A2:N26 -> #NAME? | B2: Component
A3: Adaptive capacity Variables | B3: 1 | C3: 2 | D3: 3 | E3: 4 | F3: 5 | G3: 6 | H3: 7 | I3: 8 | J3: 9 | K3: 10 | L3: Sum | M3: Average | N3: PCA
A4: School years | B4: -0.227 | C4: 0.274 | D4: -0.148 | E4: -0.392 | F4: -0.013 | G4: 0.058 | H4: 0.562 | I4: 0.267 | J4: -0.032 | K4: -0.1 | L4: =SUM(B4:K4) -> 0.249 | M4: =L4/10 -> 0.0249 | N4: =H4 -> 0.562
A5: Farm land size | B5: 0.027 | C5: 0.286 | D5: 0.262 | E5: -0.071 | F5: 0.33 | G5: -0.288 | H5: -0.11 | I5: 0.286 | J5: -0.297 | K5: 0.171 | L5: =SUM(B5:K5) -> 0.596 | M5: =L5/10 -> 0.0596 | N5: =F5 -> 0.33
A6: Bonding social capital | B6: 0.359 | C6: -0.095 | D6: 0.093 | E6: 0.047 | F6: 0.666 | G6: -0.044 | H6: -0.217 | I6: -0.045 | J6: -0.041 | K6: 0.011 | L6: =SUM(B6:K6) -> 0.734 | M6: =L6/10 -> 0.0734 | N6: =F6 -> 0.666
A7: Acess to institutions | B7: 0.034 | C7: -0.088 | D7: 0.009 | E7: -0.068 | F7: 0.773 | G7: 0.201 | H7: 0.098 | I7: -0.044 | J7: 0.121 | K7: -0.077 | L7: =SUM(B7:K7) -> 0.959 | M7: =L7/10 -> 0.0959 | N7: =G7 -> 0.201
A8: Health insurance | B8: 0.084 | C8: 0.15 | D8: 0.722 | E8: -0.019 | F8: 0.127 | G8: 0.212 | H8: -0.028 | I8: 0.063 | J8: -0.202 | K8: 0.038 | L8: =SUM(B8:K8) -> 1.147 | M8: =L8/10 -> 0.1147 | N8: =D8 -> 0.722
A9: Climate and market | B9: 0.152 | C9: 0.171 | D9: 0.072 | E9: -0.13 | F9: -0.099 | G9: 0.419 | H9: -0.017 | I9: 0.306 | J9: 0.068 | K9: -0.381 | L9: =SUM(B9:K9) -> 0.561 | M9: =L9/10 -> 0.0561 | N9: =G9 -> 0.419
A10: Land under irrigation | B10: 0 | C10: 0.554 | D10: 0.031 | E10: 0.133 | F10: -0.17 | G10: 0.335 | H10: -0.086 | I10: 0.124 | J10: 0.104 | K10: -0.104 | L10: =SUM(B10:K10) -> 0.921 | M10: =L10/10 -> 0.0921 | N10: =C10 -> 0.554
A11: Primary school | B11: 0.023 | C11: 0.03 | D11: 0.054 | E11: 0.058 | F11: 0.175 | G11: 0.734 | H11: 0.001 | I11: -0.11 | J11: -0.053 | K11: 0.131 | L11: =SUM(B11:K11) -> 1.043 | M11: =L11/10 -> 0.1043 | N11: =G11 -> 0.734
A12: Weathered roads | B12: 0.644 | C12: 0.115 | D12: 0.246 | E12: 0.063 | F12: 0.206 | G12: -0.188 | H12: -0.27 | I12: 0.053 | J12: 0.182 | K12: -0.037 | L12: =SUM(B12:K12) -> 1.014 | M12: =L12/10 -> 0.1014 | N12: =B12 -> 0.644
A13: Livestock veterinary | B13: -0.864 | C13: 0.078 | D13: -0.107 | E13: 0.052 | F13: -0.054 | G13: -0.145 | H13: -0.048 | I13: 0.005 | J13: -0.029 | K13: -0.027 | L13: =SUM(B13:K13) -> -1.139 | M13: =L13/10 -> -0.1139 | N13: =G13 -> -0.145
A14: Food and non-food market | B14: -0.505 | C14: 0.605 | D14: -0.295 | E14: -0.068 | F14: -0.072 | G14: 0.091 | H14: -0.038 | I14: 0.081 | J14: 0 | K14: -0.042 | L14: =SUM(B14:K14) -> -0.243 | M14: =L14/10 -> -0.0243 | N14: =C14 -> 0.605
A15: Health and nutrition | B15: 0.065 | C15: -0.041 | D15: -0.001 | E15: 0.015 | F15: -0.062 | G15: 0.097 | H15: -0.022 | I15: 0.082 | J15: 0.216 | K15: 0.837 | L15: =SUM(B15:K15) -> 1.186 | M15: =L15/10 -> 0.1186 | N15: =K15 -> 0.837
A16: Piped water | B16: -0.1 | C16: 0.184 | D16: -0.23 | E16: 0.136 | F16: 0.252 | G16: -0.013 | H16: 0.296 | I16: -0.581 | J16: -0.081 | K16: 0.154 | L16: =SUM(B16:K16) -> 0.017 | M16: =L16/10 -> 0.0017 | N16: =H16 -> 0.296
A17: Electricity | B17: -0.241 | C17: 0.449 | D17: -0.523 | E17: 0.078 | F17: -0.005 | G17: 0.419 | H17: -0.042 | I17: 0.111 | J17: 0.227 | K17: -0.071 | L17: =SUM(B17:K17) -> 0.402 | M17: =L17/10 -> 0.0402 | N17: =D17 -> -0.523
A18: Network coverage | B18: 0.026 | C18: 0.011 | D18: -0.08 | E18: 0.793 | F18: 0.075 | G18: 0.306 | H18: 0.088 | I18: 0.039 | J18: -0.076 | K18: -0.009 | L18: =SUM(B18:K18) -> 1.173 | M18: =L18/10 -> 0.1173 | N18: =H18 -> 0.088
A19: Cash reserve | B19: 0.811 | C19: -0.084 | D19: 0.093 | E19: 0.034 | F19: 0.028 | G19: 0.007 | H19: 0.12 | I19: 0.183 | J19: 0.006 | K19: -0.009 | L19: =SUM(B19:K19) -> 1.189 | M19: =L19/10 -> 0.1189 | N19: =B19 -> 0.811
A20: Food commodity reserve | B20: 0.59 | C20: 0.451 | D20: -0.129 | E20: -0.16 | F20: -0.014 | G20: 0.248 | H20: 0.112 | I20: -0.014 | J20: -0.017 | K20: 0.01 | L20: =SUM(B20:K20) -> 1.077 | M20: =L20/10 -> 0.1077 | N20: =B20 -> 0.59
A21: Corrugated iron sheet | B21: -0.049 | C21: 0.68 | D21: 0.057 | E21: 0 | F21: 0.131 | G21: 0.117 | H21: 0.116 | I21: -0.059 | J21: -0.08 | K21: -0.051 | L21: =SUM(B21:K21) -> 0.862 | M21: =L21/10 -> 0.0862 | N21: =C21 -> 0.68
A22: CBO as informal safety net | B22: 0.104 | C22: 0.081 | D22: 0.08 | E22: 0.774 | F22: -0.093 | G22: -0.165 | H22: 0.057 | I22: -0.01 | J22: 0.093 | K22: 0.037 | L22: =SUM(B22:K22) -> 0.958 | M22: =L22/10 -> 0.0958 | N22: =B22 -> 0.104
A23: Farming experiences | B23: 0.316 | C23: 0.117 | D23: 0.622 | E23: 0.248 | F23: -0.041 | G23: -0.092 | H23: 0.29 | I23: 0.073 | J23: 0.215 | K23: -0.165 | L23: =SUM(B23:K23) -> 1.583 | M23: =L23/10 -> 0.1583 | N23: =D23 -> 0.622
A24: Communal natural resources | B24: 0.732 | C24: -0.123 | D24: 0.037 | E24: 0.113 | F24: -0.022 | G24: 0.146 | H24: -0.107 | I24: -0.072 | J24: -0.162 | K24: 0.156 | L24: =SUM(B24:K24) -> 0.698 | M24: =L24/10 -> 0.0698 | N24: =K24 -> 0.156
A25: Relatives in the community | B25: 0.154 | C25: -0.075 | D25: 0.138 | E25: 0.222 | F25: -0.057 | G25: -0.032 | H25: 0.795 | I25: -0.091 | J25: -0.02 | K25: 0.001 | L25: =SUM(B25:K25) -> 1.035 | M25: =L25/10 -> 0.1035 | N25: =H25 -> 0.795
A26: Agricultural technologies | B26: 0.812 | C26: 0.034 | D26: 0.236 | E26: 0.145 | F26: 0.076 | G26: -0.139 | H26: -0.046 | I26: -0.112 | J26: -0.07 | K26: -0.184 | L26: =SUM(B26:K26) -> 0.752 | M26: =L26/10 -> 0.0752 | N26: =D26 -> 0.236
A27: Farmers extension service | B27: 0.541 | C27: 0.562 | D27: 0.08 | E27: 0.127 | F27: 0.099 | G27: -0.155 | H27: 0.044 | I27: 0.051 | J27: -0.176 | K27: -0.137 | L27: =SUM(B27:K27) -> 1.036 | M27: =L27/10 -> 0.1036 | N27: =B27 -> 0.541
A28: Access to savings | B28: 0.275 | C28: 0.608 | D28: -0.086 | E28: -0.18 | F28: -0.009 | G28: -0.154 | H28: -0.051 | I28: 0.272 | J28: 0.099 | K28: -0.122 | L28: =SUM(B28:K28) -> 0.652 | M28: =L28/10 -> 0.0652 | N28: =C28 -> 0.608
A29: Credit service | B29: -0.011 | C29: 0 | D29: -0.026 | E29: 0.084 | F29: 0.148 | G29: -0.056 | H29: -0.08 | I29: 0.005 | J29: 0.745 | K29: 0.195 | L29: =SUM(B29:K29) -> 1.004 | M29: =L29/10 -> 0.1004 | N29: =J29 -> 0.745
A30: Livestock in TLU | B30: 0.481 | C30: 0.441 | D30: 0.396 | E30: -0.162 | F30: 0.008 | G30: -0.143 | H30: -0.218 | I30: -0.001 | J30: 0.135 | K30: 0.112 | L30: =SUM(B30:K30) -> 1.049 | M30: =L30/10 -> 0.1049 | N30: =B30 -> 0.481
A31: Total amount of income | B31: 0.491 | C31: 0.153 | D31: -0.191 | E31: 0.082 | F31: 0.155 | G31: -0.072 | H31: 0.16 | I31: 0.145 | J31: -0.066 | K31: 0.093 | L31: =SUM(B31:K31) -> 0.95 | M31: =L31/10 -> 0.095 | N31: =B31 -> 0.491
A32: Total asset | B32: 0.119 | C32: 0.579 | D32: 0.207 | E32: -0.068 | F32: -0.232 | G32: -0.039 | H32: -0.137 | I32: -0.016 | J32: -0.162 | K32: 0.307 | L32: =SUM(B32:K32) -> 0.558 | M32: =L32/10 -> 0.0558 | N32: =C32 -> 0.579
A33: Gender equality | B33: 0.009 | C33: 0.07 | D33: -0.042 | E33: 0.083 | F33: 0.037 | G33: -0.042 | H33: 0.102 | I33: 0.788 | J33: -0.028 | K33: 0.11 | L33: =SUM(B33:K33) -> 1.087 | M33: =L33/10 -> 0.1087 | N33: =K33 -> 0.11
A34: Sum | B34: =SUM(B4:B33) -> 4.852 | C34: =SUM(C4:C33) -> 6.177 | D34: =SUM(D4:D33) -> 1.577 | E34: =SUM(E4:E33) -> 1.969 | F34: =SUM(F4:F33) -> 2.343 | G34: =SUM(G4:G33) -> 1.623 | H34: =SUM(H4:H33) -> 1.324 | I34: =SUM(I4:I33) -> 1.779 | ... K34: =SUM(K4:K33) -> 0.847 | L34: =SUM(B34:K34) -> 23.11 | M34: =L34/10 -> 2.311 | N34: =SUM(N4:N33) -> 13.539
A35: Average | B35: =B34/32 -> 0.151625 | C35: =C34/32 -> 0.19303125 | D35: =D34/32 -> 0.04928125 | E35: =E34/32 -> 0.06153125 | F35: =F34/32 -> 0.07321875 | G35: =G34/32 -> 0.05071875 | H35: =H34/32 -> 0.041375 | I35: =I34/32 -> 0.05559375 | ... L35: =L34/32 -> 0.7221875 | M35: =M34/42 -> 0.05502381 | N35: =SUM(N34)/30 -> 0.4513

Sheet Combined_Exposure
A1: Rotated Component Matrix for Exposure Varaiables for Combined Households
B2: Component
A3: Exposure Variables | B3: 1 | C3: 2 | D3: 3 | E3: 4 | F3: Sum | G3: Average | H3: PCA
A4: Drought | B4: 0.626 | C4: 0.183 | D4: -0.082 | E4: -0.09 | F4: =SUM(B4:E4) -> 0.637 | G4: =F4/4 -> 0.15925 | H4: =B4 -> 0.626
A5: Flood | B5: 0.746 | C5: 0.022 | D5: 0.295 | E5: 0.031 | F5: =SUM(B5:E5) -> 1.094 | G5: =F5/4 -> 0.2735 | H5: =B5 -> 0.746
A6: Locust | B6: 0.312 | C6: 0.72 | D6: 0.311 | E6: 0.132 | F6: =SUM(B6:E6) -> 1.475 | G6: =F6/4 -> 0.36875 | H6: =C6 -> 0.72
A7: Fall worm | B7: -0.193 | C7: 0.193 | D7: 0.544 | E7: -0.105 | F7: =SUM(B7:E7) -> 0.439 | G7: =F7/4 -> 0.10975 | H7: =D7 -> 0.544
A8: Hailstorm | B8: 0.203 | C8: -0.175 | D8: 0.825 | E8: 0.082 | F8: =SUM(B8:E8) -> 0.935 | G8: =F8/4 -> 0.23375 | H8: =D8 -> 0.825
A9: Livestock | B9: 0.694 | C9: -0.005 | D9: -0.493 | E9: -0.043 | F9: =SUM(B9:E9) -> 0.153 | G9: =F9/4 -> 0.03825 | H9: =B9 -> 0.694
A10: Human disease | B10: 0.012 | C10: 0.919 | D10: -0.159 | E10: 0.003 | F10: =SUM(B10:E10) -> 0.775 | G10: =F10/4 -> 0.19375 | H10: =C10 -> 0.919
A11: Temprature (oC) | B11: -0.031 | C11: 0.096 | D11: 0.023 | E11: 0.791 | F11: =SUM(B11:E11) -> 0.879 | G11: =F11/4 -> 0.21975 | H11: =E11 -> 0.791
A12: Rainfall (ml) | B12: -0.043 | C12: -0.023 | D12: -0.036 | E12: 0.815 | F12: =SUM(B12:E12) -> 0.713 | G12: =F12/4 -> 0.17825 | H12: =E12 -> 0.815
A13: Sum | B13: =SUM(B4:B12) -> 2.326 | C13: =SUM(C4:C12) -> 1.93 | D13: =SUM(D4:D12) -> 1.228 | E13: =SUM(E4:E12) -> 1.616 | F13: =SUM(F4:F12) -> 7.1 | G13: =SUM(G4:G12) -> 1.775 | H13: =SUM(H4:H12) -> 6.68
A14: Average | B14: =B13/9 -> 0.25844444 | C14: =C13/9 -> 0.21444444 | D14: =D13/9 -> 0.13644444 | E14: =E13/9 -> 0.17955556 | F14: =F13/9 -> 0.78888889 | G14: =G13/9 -> 0.19722222 | H14: =H13/9 -> 0.74222222

Sheet PSNP_exposure
A1: Rotated Component Matrix for Expoure Variables for PSNP Households
B2: Component
A3: Exposure Variables | B3: 1 | C3: 2 | D3: 3 | E3: 4 | F3: Sum | G3: Average | H3: PCA
A4: Drought | B4: 0.095 | C4: 0.48 | D4: -0.062 | E4: 0.496 | F4: =SUM(B4:E4) -> 1.009 | G4: =F4/4 -> 0.25225 | H4: =E4 -> 0.496
A5: Flood | B5: 0.317 | C5: 0.748 | D5: -0.002 | E5: 0.019 | F5: =SUM(B5:E5) -> 1.082 | G5: =F5/4 -> 0.2705 | H5: =C5 -> 0.748
A6: Locust | B6: 0.369 | C6: 0.202 | D6: 0.451 | E6: -0.477 | F6: =SUM(B6:E6) -> 0.545 | G6: =F6/4 -> 0.13625 | H6: =D6 -> 0.451
A7: Fall worm | B7: 0.15 | C7: -0.056 | D7: 0.14 | E7: 0.792 | F7: =SUM(B7:E7) -> 1.026 | G7: =F7/4 -> 0.2565 | H7: =B7 -> 0.15
A8: Hailstorm | B8: 0.885 | C8: -0.084 | D8: -0.007 | E8: 0.192 | F8: =SUM(B8:E8) -> 0.986 | G8: =F8/4 -> 0.2465 | H8: =B8 -> 0.885
A9: Livestock disease | B9: -0.299 | C9: 0.82 | D9: -0.087 | E9: -0.125 | F9: =SUM(B9:E9) -> 0.309 | G9: =F9/4 -> 0.07725 | H9: =C9 -> 0.82
A10: Human disease | B10: -0.895 | C10: -0.126 | D10: 0.047 | E10: 0.015 | F10: =SUM(B10:E10) -> -0.959 | G10: =F10/4 -> -0.23975 | H10: =D10 -> 0.047
A11: Temprature (oC) | B11: -0.123 | C11: -0.084 | D11: 0.743 | E11: 0.127 | F11: =SUM(B11:E11) -> 0.663 | G11: =F11/4 -> 0.16575 | H11: =D11 -> 0.743
A12: Rainfall (ml) | B12: 0.043 | C12: -0.04 | D12: 0.782 | E12: -0.037 | F12: =SUM(B12:E12) -> 0.748 | G12: =F12/4 -> 0.187 | H12: =D12 -> 0.782
A13: Sum | B13: =SUM(B4:B12) -> 0.542 | C13: =SUM(C4:C12) -> 1.86 | D13: =SUM(D4:D12) -> 2.005 | E13: =SUM(E4:E12) -> 1.002 | F13: =SUM(B13:E13) -> 5.409 | G13: =F13/4 -> 1.35225 | H13: =SUM(H4:H12) -> 5.122
A14: Average | B14: =B13/9 -> 0.060222222 | C14: =C13/9 -> 0.20666667 | D14: =D13/9 -> 0.22277778 | E14: =E13/9 -> 0.11133333 | F14: =F13/9 -> 0.601 | G14: =G13/9 -> 0.15025 | H14: =H13/9 -> 0.56911111

Sheet Non_PSNP_Exposure
A1: Rotated Component Matrix for Expousre varables for Non PSNP Households
B2: Component
A3: Exposure Variables | B3: 1 | C3: 2 | D3: 3 | E3: 4 | F3: Sum | G3: Average | H3: PCA
A4: Drought | B4: 0.775 | C4: 0.068 | D4: -0.096 | E4: 0.08 | F4: =SUM(B4:E4) -> 0.827 | G4: =F4/4 -> 0.20675 | H4: =B4 -> 0.775
A5: Flood | B5: 0.156 | C5: 0.446 | D5: 0.11 | E5: 0.708 | F5: =SUM(B5:E5) -> 1.42 | G5: =F5/4 -> 0.355 | H5: =E5 -> 0.708
A6: Locust | B6: 0.134 | C6: 0.805 | D6: -0.084 | E6: -0.152 | F6: =SUM(B6:E6) -> 0.703 | G6: =F6/4 -> 0.17575 | H6: =C6 -> 0.805
A7: Fall worm | B7: -0.693 | C7: -0.018 | D7: -0.055 | E7: 0.265 | F7: =SUM(B7:E7) -> -0.501 | G7: =F7/4 -> -0.12525 | H7: =E7 -> 0.265
A8: Hailstorm | B8: -0.209 | C8: 0.792 | D8: 0.05 | E8: 0.091 | F8: =SUM(B8:E8) -> 0.724 | G8: =F8/4 -> 0.181 | H8: =C8 -> 0.792
A9: Livestock | B9: 0.711 | C9: -0.23 | D9: 0.059 | E9: 0.415 | F9: =SUM(B9:E9) -> 0.955 | G9: =F9/4 -> 0.23875 | H9: =B9 -> 0.711
A10: Human disease | B10: 0.098 | C10: 0.34 | D10: 0.169 | E10: -0.656 | F10: =SUM(B10:E10) -> -0.049 | G10: =F10/4 -> -0.01225 | H10: =E10 -> -0.656
A11: Temprature (oC) | B11: 0.005 | C11: 0.117 | D11: 0.803 | E11: -0.039 | F11: =SUM(B11:E11) -> 0.886 | G11: =F11/4 -> 0.2215 | H11: =D11 -> 0.803
A12: Rainfall (ml) | B12: -0.021 | C12: -0.131 | D12: 0.833 | E12: -0.011 | F12: =SUM(B12:E12) -> 0.67 | G12: =F12/4 -> 0.1675 | H12: =D12 -> 0.833
A13: Sum | B13: =SUM(B4:B12) -> 0.956 | C13: =SUM(C4:C12) -> 2.189 | D13: =SUM(D4:D12) -> 1.789 | E13: =SUM(E4:E12) -> 0.701 | F13: =SUM(B13:E13) -> 5.635 | G13: =F13/4 -> 1.40875 | H13: =SUM(H4:H12) -> 5.036
A14: Average | B14: =B13/9 -> 0.10622222 | C14: =C13/9 -> 0.24322222 | D14: =D13/9 -> 0.19877778 | E14: =E13/9 -> 0.077888889 | F14: =F13/9 -> 0.62611111 | G14: =G13/9 -> 0.15652778 | H14: =H13/9 -> 0.55955556

Sheet Summary_Exposure
A1: Rotated Component Matrix for Exposure Varaiables for Combined Households
A2: Exposure Variables | B2: Normalized value of households | H2: Exposure Variables | I2: Normalized value of households
B3: Combined | C3: PSNP | D3: Non PSNP | I3: Combined | J3: PSNP | K3: Non PSNP
A4: Drought | B4: 0.626 | C4: 0.496 | D4: 0.775 | H4: Drought | I4: 0.626 | J4: 0.496 | K4: 0.775
A5: Flood | B5: 0.746 | C5: 0.748 | D5: 0.708 | H5: Flood | I5: 0.746 | J5: 0.748 | K5: 0.708
A6: Locust | B6: 0.72 | C6: 0.451 | D6: 0.805 | H6: Locust | I6: 0.72 | J6: 0.451 | K6: 0.805
A7: Fall worm | B7: 0.544 | C7: 0.15 | D7: 0.265 | H7: Fall worm | I7: 0.544 | J7: 0.15 | K7: 0.265
A8: Hailstorm | B8: 0.825 | C8: 0.885 | D8: 0.792 | H8: Hailstorm | I8: 0.825 | J8: 0.885 | K8: 0.792
A9: Livestock | B9: 0.694 | C9: 0.82 | D9: 0.711 | H9: Livestock | I9: 0.694 | J9: 0.82 | K9: 0.711
A10: Human disease | B10: 0.919 | C10: 0.047 | D10: -0.656 | H10: Human disease | I10: 0.919 | J10: 0.047 | K10: -0.656
A11: Temprature (oC) | B11: 0.791 | C11: 0.743 | D11: 0.803 | H11: Temperature | I11: 0.791 | J11: 0.743 | K11: 0.803
A12: Rainfall (ml) | B12: 0.815 | C12: 0.782 | D12: 0.833 | H12: Rainfall | I12: 0.815 | J12: 0.782 | K12: 0.833
A13: Sum | B13: 6.68 | C13: 5.122 | D13: 5.036 | H13: Aggregate exposure | I13: 0.74222 | J13: 0.56911 | K13: 0.55956
A14: Average | B14: 0.74222222 | C14: 0.56911111 | D14: 0.55955556

Sheet Combined_Sensitivity
A1: Rotated Component Matrix for Expousre varables for Non PSNP Households
B2: Component
A3: Sensivity Variables | B3: 1 | C3: 2 | D3: 3 | E3: 4 | F3: Sum | G3: PCA
A4: Age of HH | B4: -0.001 | C4: -0.701 | D4: -0.019 | E4: -0.086 | F4: =SUM(B4:E4) -> -0.807 | G4: =C4 -> -0.701
A5: Sex of head HH | B5: -0.004 | C5: -0.046 | D5: -0.021 | E5: 0.908 | F5: =SUM(B5:E5) -> 0.837 | G5: =E5 -> 0.908
A6: Household size | B6: -0.004 | C6: -0.095 | D6: 0.844 | E6: -0.275 | F6: =SUM(B6:E6) -> 0.47 | G6: =D6 -> 0.844
A7: Dependency ration | B7: 0.161 | C7: 0.149 | D7: 0.744 | E7: 0.362 | F7: =SUM(B7:E7) -> 1.416 | G7: =D7 -> 0.744
A8: Land degradation | B8: -0.836 | C8: 0.064 | D8: -0.014 | E8: 0.042 | F8: =SUM(B8:E8) -> -0.744 | G8: =B8 -> -0.836
A9: Slope ≥ 15% | B9: 0.263 | C9: -0.502 | D9: -0.078 | E9: -0.118 | F9: =SUM(B9:E9) -> -0.435 | G9: =C9 -> -0.502
A10: Soil infertility | B10: 0.912 | C10: -0.057 | D10: 0.086 | E10: 0.018 | F10: =SUM(B10:E10) -> 0.959 | G10: =B10 -> 0.912
A11: Vegetation degradation | B11: 0.916 | C11: -0.044 | D11: 0.059 | E11: 0.071 | F11: =SUM(B11:E11) -> 1.002 | G11: =B11 -> 0.916
A12: Soil erosion | B12: 0.18 | C12: 0.615 | D12: -0.061 | E12: -0.092 | F12: =SUM(B12:E12) -> 0.642 | G12: =C12 -> 0.615
A13: Landslide | B13: -0.315 | C13: 0.643 | D13: 0.011 | E13: -0.27 | F13: =SUM(B13:E13) -> 0.069 | G13: =C13 -> 0.643
A14: Sum | B14: =SUM(B3:B13) -> 2.272 | C14: =SUM(C3:C13) -> 2.026 | D14: =SUM(D3:D13) -> 4.551 | E14: =SUM(E3:E13) -> 4.56 | F14: =SUM(B14:E14) -> 13.409 | G14: =SUM(G4:G13) -> 3.543
A15: Average | B15: =B14/10 -> 0.2272 | C15: =C14/10 -> 0.2026 | D15: =D14/10 -> 0.4551 | E15: =E14/10 -> 0.456 | F15: =F14/10 -> 1.3409 | G15: =G14/10 -> 0.3543

Sheet PSNP_Sensitivity
A1: Rotated Component Matrixa,b
B2: Component
A3: Sensivity Variables | B3: 1 | C3: 2 | D3: 3 | E3: 4 | F3: Sum | G3: PCA
A4: Age of HH | B4: -0.073 | C4: 0.052 | D4: 0.846 | E4: -0.064 | F4: =SUM(B4:E4) -> 0.761 | G4: =D4 -> 0.846
A5: Sex of head HH | B5: 0.019 | C5: 0.075 | D5: 0.106 | E5: 0.891 | F5: =SUM(B5:E5) -> 1.091 | G5: =E5 -> 0.891
A6: Household size | B6: 0.18 | C6: 0.618 | D6: 0.192 | E6: -0.443 | F6: =SUM(B6:E6) -> 0.547 | G6: =C6 -> 0.618
A7: Dependency ration | B7: 0.251 | C7: 0.753 | D7: 0.062 | E7: 0.08 | F7: =SUM(B7:E7) -> 1.146 | G7: =C7 -> 0.753
A8: Land degradation | B8: -0.782 | C8: 0.116 | D8: -0.087 | E8: 0.059 | F8: =SUM(B8:E8) -> -0.694 | G8: =B8 -> -0.782
A9: Slope ≥ 15% | B9: 0.324 | C9: -0.447 | D9: 0.408 | E9: 0.008 | F9: =SUM(B9:E9) -> 0.293 | G9: =D9 -> 0.408
A10: Soil infertility | B10: 0.889 | C10: 0.101 | D10: 0.099 | E10: -0.01 | F10: =SUM(B10:E10) -> 1.079 | G10: =B10 -> 0.889
A11: Vegetation degradation | B11: 0.915 | C11: 0.112 | D11: 0.044 | E11: 0.07 | F11: =SUM(B11:E11) -> 1.141 | G11: =B11 -> 0.915
A12: Soil erosion | B12: -0.21 | C12: 0.554 | D12: -0.241 | E12: 0.1 | F12: =SUM(B12:E12) -> 0.203 | G12: =C12 -> 0.554
A13: Landslide | B13: -0.296 | C13: 0.13 | D13: -0.651 | E13: -0.293 | F13: =SUM(B13:E13) -> -1.11 | G13: =C13 -> 0.13
A14: Sum | B14: =SUM(B4:B13) -> 1.217 | C14: =SUM(C4:C13) -> 2.064 | D14: =SUM(D4:D13) -> 0.778 | E14: =SUM(E4:E13) -> 0.398 | F14: =SUM(B14:E14) -> 4.457 | G14: =SUM(G4:G13) -> 5.222
A15: Average | B15: =B14/10 -> 0.1217 | C15: =C14/10 -> 0.2064 | D15: =D14/10 -> 0.0778 | E15: =E14/10 -> 0.0398 | F15: =F14/10 -> 0.4457 | G15: =G14/10 -> 0.5222

Sheet Non_PSNP_Sensitivity
A2: Rotated Component Matrixa,b
B3: Component
A4: Sensivity Variables | B4: 1 | C4: 2 | D4: 3 | E4: 4 | F4: Sum | G4: PCA
A5: Age of HH | B5: -0.011 | C5: -0.745 | D5: -0.181 | E5: -0.036 | F5: =SUM(B5:E5) -> -0.973 | G5: =C5 -> -0.745
A6: Sex of head HH | B6: 0.031 | C6: -0.054 | D6: 0.837 | E6: -0.279 | F6: =SUM(B6:E6) -> 0.535 | G6: =D6 -> 0.837
A7: Household size | B7: -0.029 | C7: 0.086 | D7: 0 | E7: 0.861 | F7: =SUM(B7:E7) -> 0.918 | G7: =E7 -> 0.861
A8: Dependency ration | B8: 0.093 | C8: 0.138 | D8: 0.717 | E8: 0.417 | F8: =SUM(B8:E8) -> 1.365 | G8: =D8 -> 0.717
A9: Land degradation | B9: -0.882 | C9: 0.068 | D9: -0.016 | E9: -0.101 | F9: =SUM(B9:E9) -> -0.931 | G9: =B9 -> -0.882
A10: Slope ≥ 15% | B10: 0.127 | C10: -0.401 | D10: -0.058 | E10: 0.457 | F10: =SUM(B10:E10) -> 0.125 | G10: =E10 -> 0.457
A11: Soil infertility | B11: 0.936 | C11: -0.062 | D11: 0.052 | E11: 0.025 | F11: =SUM(B11:E11) -> 0.951 | G11: =B11 -> 0.936
A12: Vegetation degradation | B12: 0.913 | C12: -0.108 | D12: 0.064 | E12: -0.05 | F12: =SUM(B12:E12) -> 0.819 | G12: =B12 -> 0.913
A13: Soil erosion | B13: -0.003 | C13: 0.587 | D13: 0.001 | E13: 0.012 | F13: =SUM(B13:E13) -> 0.597 | G13: =C13 -> 0.587
A14: Landslide | B14: -0.291 | C14: 0.677 | D14: -0.205 | E14: -0.045 | F14: =SUM(B14:E14) -> 0.136 | G14: =C14 -> 0.677
A15: Sum | B15: =SUM(B5:B14) -> 0.884 | C15: =SUM(C5:C14) -> 0.186 | D15: =SUM(D5:D14) -> 1.211 | E15: =SUM(E5:E14) -> 1.261 | F15: =SUM(B15:E15) -> 3.542 | G15: =SUM(G5:G14) -> 4.358
A16: Average | B16: =B15/10 -> 0.0884 | C16: =C15/10 -> 0.0186 | D16: =D15/10 -> 0.1211 | E16: =E15/10 -> 0.1261 | F16: =F15/10 -> 0.3542 | G16: =G15/10 -> 0.4358

Sheet Summary-sensitivity
A2: Rotated Component Matrixa,b
B3: Combined | C3: PSNP | D3: Non-PSNP
A4: Age of HH | B4: -0.701 | C4: 0.846 | D4: -0.745
A5: Sex of head HH | B5: 0.908 | C5: 0.891 | D5: 0.837
A6: Household size | B6: 0.844 | C6: 0.618 | D6: 0.861
A7: Dependency ratio | B7: 0.744 | C7: 0.753 | D7: 0.717
A8: Land degradation | B8: -0.836 | C8: -0.782 | D8: -0.882
A9: Slope ≥ 15% | B9: -0.502 | C9: 0.408 | D9: 0.457
A10: Soil infertility | B10: 0.912 | C10: 0.889 | D10: 0.936
A11: Vegetation degradation | B11: 0.916 | C11: 0.915 | D11: 0.913
A12: Soil erosion | B12: 0.615 | C12: 0.554 | D12: 0.587
A13: Landslide | B13: 0.643 | C13: 0.13 | D13: 0.677
A14: Aggregate sensitivity | B14: 0.3543 | C14: 0.5222 | D14: 0.4358

Sheet Social_Capital
A1: Rotated Component Matrix of Social Adaptive capacity Variables for Households
A3: Social Capital Indicators | B3: Combined | C3: PSNP | D3: Non PSNP
A4: Bonding social capital | B4: 0.626 | C4: 0.392 | D4: 0.666
A5: Health insurance | B5: 0.779 | C5: -0.712 | D5: 0.722
A6: CBO as informal safety net | B6: 0.757 | C6: 0.128 | D6: 0.104 | H6: Combined | I6: PSNP | J6: Non PSNP
A7: Relatives in the community | B7: 0.565 | C7: 0.47 | D7: 0.795 | G7: Social bonding | H7: 0.626 | I7: 0.392 | J7: 0.666
A8: Sum | B8: 2.727 | G8: Health insurance | H8: 0.779 | I8: -0.712 | J8: 0.722
A9: Sum | B9: =B4+B5+B6+B7 -> 2.727 | C9: =C4+C5+C6+C7 -> 0.278 | D9: =D4+D5+D6+D7 -> 2.287 | G9: Social network | H9: 0.757 | I9: 0.128 | J9: 0.104
A10: Mean | B10: =B9/4 -> 0.68175 | C10: =C9/4 -> 0.0695 | D10: =D9/4 -> 0.57175 | G10: Relatives (community) | H10: 0.565 | I10: 0.47 | J10: 0.795
G11: Aggregate social capital | H11: 0.68175 | I11: 0.0695 | J11: 0.57175

Sheet Human_Capital
A1: Rotated Component Matrix of Human Capita Adaptive capacity Variables for Households
A2: Adaptive capacity Variables | B2: Combined | C2: PSNP | D2: Non-PSNP
A3: School years | B3: 0.364 | C3: 0.531 | D3: 0.562
A4: Climate and market | B4: 0.653 | C4: 0.543 | D4: 0.419 | H4: Combined | I4: PSNP | J4: Non-PSNP
A5: Cash reserve | B5: 0.741 | C5: 0.779 | D5: 0.811 | G5: School years | H5: 0.364 | I5: 0.531 | J5: 0.562
A6: Food commodity reserve | B6: 0.604 | C6: 0.823 | D6: 0.59 | G6: Climate and market | H6: 0.653 | I6: 0.543 | J6: 0.419
A7: Corrugated iron sheet | B7: 0.652 | C7: 0.517 | D7: 0.68 | G7: Cash reserve | H7: 0.741 | I7: 0.779 | J7: 0.811
A8: Farming experiences | B8: 0.55 | C8: 0.158 | D8: 0.622 | G8: Food reserve | H8: 0.604 | I8: 0.823 | J8: 0.59
A9: Sum | B9: =B3+B4+B5+B6+B7+B8 -> 3.564 | C9: =C3+C4+C5+C6+C7+C8 -> 3.351 | D9: =D3+D4+D5+D6+D7+D8 -> 3.684 | G9: CIS | H9: 0.652 | I9: 0.517 | J9: 0.68
A10: Average | B10: =B9/6 -> 0.594 | C10: =C9/6 -> 0.5585 | D10: =D9/6 -> 0.614 | G10: Farming experience | H10: 0.55 | I10: 0.158 | J10: 0.622
G11: Aggregate Human | H11: 0.594 | I11: 0.5585 | J11: 0.614

Sheet Physical
A1: Rotated Component Matrix of Physical Adaptive capacity Variables for Households
A2: Adaptive capacity Variables | B2: Combined | C2: PSNP | D2: Non-PSNP
A3: Acess to institutions | B3: 0.738 | C3: 0.317 | D3: 0.201 | G3: Adaptive capacity Variables | H3: Combined | I3: PSNP | J3: Non-PSNP
A4: Primary school | B4: 0.709 | C4: 0.784 | D4: 0.734 | G4: Acess to institutions | H4: 0.738 | I4: 0.317 | J4: 0.201
A5: Weathered roads | B5: 0.641 | C5: 0.708 | D5: 0.644 | G5: Primary school | H5: 0.709 | I5: 0.784 | J5: 0.734
A6: Livestock veterinary | B6: -0.783 | C6: -0.634 | D6: -0.145 | G6: Weathered roads | H6: 0.641 | I6: 0.708 | J6: 0.644
A7: Market avaliability | B7: 0.676 | C7: 0.745 | D7: 0.605 | G7: Livestock veterinary | H7: -0.783 | I7: -0.634 | J7: -0.145
A8: Health and nutrition | B8: 0.791 | C8: 0.741 | D8: 0.837 | G8: Market avaliability | H8: 0.676 | I8: 0.745 | J8: 0.605
A9: Piped water | B9: -0.424 | C9: -0.526 | D9: 0.296 | G9: Health and nutrition | H9: 0.791 | I9: 0.741 | J9: 0.837
A10: Electricity | B10: 0.64 | C10: 0.265 | D10: -0.523 | G10: Piped water | H10: -0.424 | I10: -0.526 | J10: 0.296
A11: Network coverage | B11: 0.431 | C11: 0.143 | D11: 0.088 | G11: Electricity | H11: 0.64 | I11: 0.265 | J11: -0.523
A12: Agricultural technologies | B12: 0.701 | C12: 0.691 | D12: 0.236 | G12: Network coverage | H12: 0.431 | I12: 0.143 | J12: 0.088
A13: Farmers extension service | B13: 0.456 | C13: 0.456 | D13: 0.456 | G13: Agricultural technologies | H13: 0.701 | I13: 0.691 | J13: 0.236
A14: Sum | B14: =SUM(B3:B13) -> 4.576 | C14: =SUM(C3:C13) -> 3.69 | D14: =SUM(D3:D13) -> 3.429 | G14: Farmers extension service | H14: 0.456 | I14: 0.456 | J14: 0.456
A15: Average | B15: =B14/11 -> 0.416 | C15: =C14/11 -> 0.33545455 | D15: =D14/11 -> 0.31172727 | G15: Average | H15: 0.416 | I15: 0.33545455 | J15: 0.31172727

Sheet Economic_Capital
A1: Rotated Component Matrix Adaptive capacity Variables for Combined Households
A2: Adaptive capacity Variables | B2: Combined | C2: PSNP | D2: Non
A3: Access to savings | B3: 0.703 | C3: 0.7 | D3: 0.608 | I3: Combined | J3: PSNP | K3: Non
A4: Credit service | B4: 0.59 | C4: 0.648 | D4: 0.745 | H4: Saving | I4: 0.703 | J4: 0.7 | K4: 0.608
A5: Livestock in TLU | B5: 0.579 | C5: 0.314 | D5: 0.481 | H5: Credit | I5: 0.59 | J5: 0.648 | K5: 0.745
A6: Total annual income | B6: 0.742 | C6: 0.594 | D6: 0.491 | H6: TLU | I6: 0.579 | J6: 0.314 | K6: 0.481
A7: Total asset | B7: -0.325 | C7: 0.733 | D7: 0.579 | H7: Annual income | I7: 0.742 | J7: 0.594 | K7: 0.491
A8: Gender equality | B8: 0.056 | C8: 0.126 | D8: 0.11 | H8: Total asset | I8: -0.325 | J8: 0.733 | K8: 0.579
A9: Sum | B9: =B3+B4+B5+B6+B7+B8 -> 2.345 | C9: =C3+C4+C5+C6+C7+C8 -> 3.115 | D9: =D3+D4+D5+D6+D7+D8 -> 3.014 | H9: Gender equality | I9: 0.056 | J9: 0.126 | K9: 0.11
A10: Average | B10: =B9/6 -> 0.39083333 | C10: =C9/6 -> 0.51916667 | D10: =D9/6 -> 0.50233333 | H10: Aggregate economic | I10: 0.39083333 | J10: 0.51916667 | K10: 0.50233333
H11: Average | I11: 0.39083333 | J11: 0.51916667 | K11: 0.50233333

Sheet Natural_Capital
A1: Rotated Component Matrix Adaptive capacity Variables for Combined Households
A2: Adaptive capacity Variables | B2: Combined | C2: PSNP | D2: Non-PSNP
A3: Farmland size | B3: 0.832 | C3: 0.135 | D3: 0.33
A4: Land under irrigation | B4: 0.629 | C4: 0.645 | D4: 0.554 | H4: Combined | I4: PSNP | J4: Non-PSNP
A5: Natural resources | B5: 0.676 | C5: 0.641 | D5: 0.156 | G5: Farmland size | H5: 0.832 | I5: 0.135 | J5: 0.33
A6: Sum | B6: =B3+B4+B5 -> 2.137 | C6: =C3+C4+C5 -> 1.421 | D6: =D3+D4+D5 -> 1.04 | G6: Irrigation | H6: 0.629 | I6: 0.645 | J6: 0.554
A7: Average | B7: =B6/3 -> 0.71233333 | C7: =C6/3 -> 0.47366667 | D7: =D6/3 -> 0.34666667 | G7: Forest resources | H7: 0.676 | I7: 0.641 | J7: 0.156
G8: Aggregate natural resource | H8: 0.71233 | I8: 0.47367 | J8: 0.34667

Sheet Adaptive_Capacity_Summary-
A1: Rotated Component Matrix Adaptive capacity Variables for Combined Households
A2: Adaptive capacity indicators | B2: Combined | C2: PSNP | D2: Non PSNP
A3: Social capital | B3: =Social_Capital!B10 -> 0.68175 | C3: =Social_Capital!C10 -> 0.0695 | D3: =Social_Capital!D10 -> 0.57175
A4: Human Capital | B4: =Human_Capital!B10 -> 0.594 | C4: =Human_Capital!C10 -> 0.5585 | D4: =Human_Capital!D10 -> 0.614 | J4: Combined | K4: PSNP | L4: Non PSNP
A5: Physical capital | B5: =Physical!B15 -> 0.416 | C5: =Physical!C15 -> 0.33545455 | D5: =Physical!D15 -> 0.31172727 | I5: Social | J5: 0.68175 | K5: 0.0695 | L5: 0.57175
A6: Economic capital | B6: =Economic_Capital!B10 -> 0.39083333 | C6: =Economic_Capital!C10 -> 0.51916667 | D6: =Economic_Capital!D10 -> 0.50233333 | I6: Human | J6: 0.594 | K6: 0.5585 | L6: 0.614
A7: Natural capital | B7: =Natural_Capital!B7 -> 0.71233333 | C7: =Natural_Capital!C7 -> 0.47366667 | D7: =Natural_Capital!D7 -> 0.34666667 | I7: Physical | J7: 0.416 | K7: 0.33545455 | L7: 0.31172727
A8: Total Aggregate | B8: =SUM(B3:B7) -> 2.7949167 | C8: =SUM(C3:C7) -> 1.9562879 | D8: =SUM(D3:D7) -> 2.3464773 | I8: Economic | J8: 0.39083333 | K8: 0.51916667 | L8: 0.50233333
B9: =B8/5 -> 0.55898333 | C9: =C8/5 -> 0.39125758 | D9: =D8/5 -> 0.46929545 | I9: Natural | J9: 0.71233333 | K9: 0.47366667 | L9: 0.34666667
I10: Adaptive capacity | J10: 0.51163333 | K10: 0.3993 | L10: 0.4513
M14: =J10-K10 -> 0.11233333

Sheet Adaptive_Capacity_Summary
A1: Rotated Component Matrix Adaptive capacity Variables for Combined Households
A2: Adaptive capacity indicators | B2: Combined | C2: PSNP | D2: Non PSNP
A3: Social capital | B3: 0.68175 | C3: 0.0695 | D3: 0.57175 | H3: 0.68175 | I3: 0.0695 | J3: 0.57175
A4: Human Capital | B4: 0.594 | C4: 0.5585 | D4: 0.614 | H4: 0.594 | I4: 0.5585 | J4: 0.614
A5: Physical capital | B5: 0.416 | C5: 0.33545455 | D5: 0.31172727 | H5: 0.416 | I5: 0.33545455 | J5: 0.31172727
A6: Economic capital | B6: 0.39083333 | C6: 0.51916667 | D6: 0.50233333 | H6: 0.39083333 | I6: 0.51916667 | J6: 0.50233333
A7: Natural capital | B7: 0.71233333 | C7: 0.47366667 | D7: 0.34666667 | H7: 0.71233333 | I7: 0.47366667 | J7: 0.34666667
A8: Total Aggregate | B8: =SUM(B3:B7) -> 2.7949167 | C8: =SUM(C3:C7) -> 1.9562879 | D8: =SUM(D3:D7) -> 2.3464773 | H8: =SUM(H3:H7) -> 2.7949167 | I8: =SUM(I3:I7) -> 1.9562879 | J8: =SUM(J3:J7) -> 2.3464773
B9: =B8/5 -> 0.55898333 | C9: =C8/5 -> 0.39125758 | D9: =D8/5 -> 0.46929545 | H9: 0.51163333 | I9: 0.3993 | J9: 0.4513

Sheet Sheet1
